 Dungeon Crawl Stone Soup version 0.29-a0-25-g7f48f510a0 (webtiles) character file.

Game seed: 1937902463532449036

4 bande the Covered (level 1, 0/14 HPs)
             Began as a Gargoyle Fighter on Feb 1, 2022.
             Killed from afar by a dart slug (3 damage)
             ... with a slug dart
             ... on level 1 of the Dungeon.
             The game lasted 00:00:16 (72 turns).

bande the Covered (Gargoyle Fighter)                  Turns: 72, Time: 00:00:16

Health: 0/14       AC:  9    Str: 19    XL:     1   Next: 70%
Magic:  1/1        EV:  9    Int:  8    God:
Gold:   0          SH:  4    Dex:  9    Spells: 0/0 levels left

rFire   . . .      SeeInvis .   a - +0 war axe
rCold   . . .      Faith    .   c - +0 buckler
rNeg    + . .      Spirit   .   b - +0 scale mail
rPois   ∞          Reflect  .   (no helmet)
rElec   +          Harm     .   (no cloak)
rCorr   .          Rampage  .   (no gloves)
Will    .....                   (no boots)
Stlth   ..........              (no amulet)
HPRegen 0.04/turn               (no ring)
MPRegen 0.07/turn               (no ring)

@: no status effects
A: sickness immunity, AC +2, negative energy resistance 1, electricity
resistance, torment resistance 1, petrification resistance
a: no special abilities


You were on level 1 of the Dungeon.
You visited 1 branch of the dungeon, and saw 1 of its levels.

Inventory:

Hand Weapons
 a - a +0 war axe (weapon)
Armour
 b - a +0 scale mail (worn)
 c - a +0 buckler (worn)
Potions
 d - a potion of might


   Skills:
 + Level 3.3 Fighting
 + Level 1.9 Axes
 + Level 3.4 Armour
 + Level 3.3 Shields


You couldn't memorise any spells.
You didn't know any spells.
Your spell library was empty.

Dungeon Overview and Level Annotations

Branches:
Dungeon (1/15)

Altars:


Innate Abilities, Weirdness & Mutations

You are immune to sickness and miasma.
Your stone body is resilient. (AC +2)
You are immune to poison.
You resist negative energy. (rN+)
You are resistant to electric shocks. (rElec)
You are resistant to unholy torment.
You are immune to petrification.


Message History

You barely miss the quokka.
The quokka bites you but does no damage. x2
You closely miss the quokka.
The quokka bites you but does no damage.
The quokka barely misses you.
You miss the quokka. The quokka misses you.
The quokka bites you but does no damage.
You barely miss the quokka. The quokka closely misses you.
The quokka barely misses you.
You hit the quokka.
The quokka is severely wounded.
The quokka bites you but does no damage.
You closely miss the quokka.
The quokka is severely wounded.
The quokka barely misses you.
The quokka twitches its whiskers.
The quokka bites you but does no damage.
You hit the quokka.
You kill the quokka!
An endoplasm comes into view.
You see here a quokka corpse.
An endoplasm is nearby!
An endoplasm is nearby!
An endoplasm is nearby!
The endoplasm jiggles.
The endoplasm freezes you.
You are frozen.
* * * LOW HITPOINT WARNING * * *
You completely miss the endoplasm.
The endoplasm hits you but does no damage.
You slash the endoplasm!
You kill the endoplasm!
A dart slug comes into view.
The dart slug launches a dart at you.
The slug dart hits you but does no damage.
A ball python comes into view.
There are monsters nearby!
The dart slug launches a dart at you. The slug dart hits you.
You die...

#.# #.# # #.# #. #.#
#.# #..
##.########.###.# ..#.
..............#.# .#..
#w#..........#.# ...#.
#.....@......#.#..#...#
####.........#.#....#..
..S..........#....#...#
####.........#.##...#..
........†...#...#...#
###########.##.....#..
#.##.#.#...#
#.#......#..
#.#†...#...#


You could see a dart slug and a ball python.

Vanquished Creatures
  An endoplasm (D:1)
  A goblin (D:1)
  A quokka (D:1)
  A frilled lizard (D:1)
4 creatures vanquished.

Notes
Turn   | Place    | Note
-------+----------+-------------------------------------------
     0 | D:1      | bande the Gargoyle Fighter began the quest for the Orb.
     0 | D:1      | Reached XP level 1. HP: 14/14 MP: 1/1
    72 | D:1      | Killed from afar by a dart slug

Illustrated notes

Levels and vault maps discovered:
D:1:      dpeg_arrival_round_a, layout_basic,
          dreamdust_ecumenical_altar_statues, hex_large

Action                   || total
-------------------------++-------
Melee: War axe           ||    22
Armor: Scale mail        ||    18
Dodge: Dodged            ||    12
Block: Buckler           ||     1

Table legend: (Time is in decaauts)
 A = Elapsed time spent in this place.
 B = Non-inter-level travel time spent in this place.
 C = Inter-level travel time spent in this place.
 D = Time resting spent in this place.
 E = Time spent auto-exploring this place.
 F = Levels seen in this place.
 G = Mean time per level.
                   A        B        C        D        E       F      G
               +--------+--------+--------+--------+--------+-----+--------+
         Total |     82 |     82 |      0 |      0 |     33 |   1 |   82.0 |
       Dungeon |     82 |     82 |      0 |      0 |     33 |   1 |   82.0 |
               +--------+--------+--------+--------+--------+-----+--------+

Top non-repeatable levels by time:
     D:1: 82 daAuts
